AoeStats
← MZTK | GaboxNet .i.

Nomad

509590326Analyzed
3v3 RM · 5d ago on Sep 27, 2026· 42m 47s· 6 players
Game mode
Random Map
Map size
210×210
Population
200
Speed
Normal
Resources
Standard
Victory
Conquest
Starting age
Dark Age
Ending age
Imperial Age
RankedLock teamsTeams togetherTeam positionsShared explorationLock speedFull tech treeHidden civsTurbo modeCheats
Victory
Defeat
🇷🇺 Vikings · Russia
1241
+11
🇪🇸 Mongols · Spain
1196
+13
🇩🇪 Byzantines · Germany
1183
+14
🇲🇽 Italians · Mexico
1159
-13
🇲🇽 Danes · Mexico
1136
-13
🇲🇽 Vietnamese · Mexico
1115
-12
spicyP
5:23 Loom
15:35 Feudal Age
18:15 Double-Bit Axe
19:13 Wheelbarrow
22:57 Castle Age
26:08 Medium Warships
30:02 Imperial Age
29:12 Bow Saw
31:57 Conscription
33:28 Greek Fire
35:44 Scale Mail Armor
37:05 Forging
37:13 Chain Mail Armor
37:27 Fervor
38:10 Forging
39:31 Hand Cart
40:44 Scale Barding Armor
41:37 Iron Casting
42:35 Horse Collar
Lagarto Fernando
4:29 Loom
15:14 Feudal Age
17:21 Gold Mining
17:22 Fishing Lines
21:49 Castle Age
20:06 Double-Bit Axe
20:13 Stone Mining
22:58 Wheelbarrow
23:21 Fletching
31:43 Imperial Age
30:09 Bodkin Arrow
30:24 Gillnets
31:52 Bow Saw
35:25 Ballistics
35:10 Padded Archer Armor
35:37 Conscription
37:09 Chemistry
37:02 Masonry
37:15 Leather Archer Armor
37:51 Bracer
38:45 Parthian Tactics
39:47 Gold Shaft Mining
41:41 Elite Mangudai
anpleee
5:04 Loom
12:49 Feudal Age
14:45 Man-at-Arms
15:29 Gold Mining
16:25 Arson
17:45 Double-Bit Axe
25:30 Castle Age
24:21 Forging
24:12 Scale Mail Armor
24:24 Horse Collar
24:37 Stone Mining
25:06 Fletching
26:35 Crossbowman
28:37 Squires
29:09 Pikeman
30:43 Chain Mail Armor
32:12 Town Watch
37:35 Ballistics
41:03 Imperial Age
38:43 Bodkin Arrow
39:49 Town Patrol
42:58 Iron Casting
42:47 Bow Saw
43:06 Conscription
MZTK | KAAN EEK
6:48 Loom
15:47 Feudal Age
16:54 Horse Collar
17:06 Double-Bit Axe
21:08 Gold Mining
23:45 Castle Age
23:01 Scale Barding Armor
23:07 Forging
24:24 Bloodlines
24:48 Stone Mining
25:26 Chain Barding Armor
25:42 Iron Casting
27:36 Husbandry
33:31 Bow Saw
34:33 Crossbowman
39:36 Fletching
39:47 Padded Archer Armor
41:41 Bodkin Arrow
42:02 Leather Archer Armor
_MZTK_SIRO_
13:11 Loom
16:30 Feudal Age
20:12 Castle Age
18:14 Stone Mining
18:59 Double-Bit Axe
19:49 Gold Mining
22:16 Wheelbarrow
21:26 Town Watch
21:59 Bow Saw
21:58 Scale Mail Armor
23:34 Gold Shaft Mining
28:33 Horse Collar
29:55 Forging
29:58 Hamask
31:19 Town Patrol
33:08 Stone Shaft Mining
33:38 Hand Cart
34:04 Heavy Plow
42:29 Imperial Age
MZTK | GaboxNet .i.
5:33 Loom
13:04 Feudal Age
25:23 Castle Age
24:31 Fishing Lines
39:26 Double-Bit Axe
41:08 Wheelbarrow
41:18 Wheelbarrow
Connection lost

Rejoining the realm…

Still unreachable

The connection could not be restored.

Session expired

The server has moved on; the page needs a fresh start.